AoeStats
← chewie1706

African Clearing

506980958Analyzed
4v4 RM · 17d ago on Sep 16, 2026· 44m 36s· 8 players
Game mode
Random Map
Map size
Large (8 player)
Population
200
Speed
Normal
Resources
Standard
Victory
Conquest
Starting age
Dark Age
Ending age
Imperial Age
RankedLock teamsTeams togetherTeam positionsShared explorationLock speedFull tech treeHidden civsTurbo modeCheats
Victory
Defeat
🇲🇽 Mapuche · Mexico
1476
+12
🇨🇱 Cumans · Chile
1414
+15
🇹🇼 Japanese · Taiwan
1406
+15
1390
+16
🇫🇷 Spanish · France
1552
-21
🇫🇷 Hindustanis · France
1369
-14
🇫🇷 Turks · France
1365
-14
🇨🇭 Berbers · Switzerland
1250
-9
偷偷
13:51 Feudal Age
17:39 Castle Age
15:56 Double-Bit Axe
17:07 Fishing Lines
18:06 Loom
19:06 Bow Saw
22:47 Wheelbarrow
22:22 Gillnets
29:59 Imperial Age
27:59 Gold Mining
28:01 Stone Mining
28:05 Fletching
28:53 Ballistics
29:34 Gold Shaft Mining
29:31 Bodkin Arrow
29:39 Padded Archer Armor
31:12 Parthian Tactics
30:49 Bracer
31:51 Chemistry
31:42 Bloodlines
32:02 Conscription
32:19 Leather Archer Armor
33:10 Hand Cart
33:53 Thumb Ring
34:17 Husbandry
36:13 Ring Archer Armor
35:36 Guard Tower
35:27 Treadmill Crane
35:57 Masonry
35:33 Arrowslits
36:20 Town Watch
37:46 Two-Man Saw
37:58 Heavy Cavalry Archer
40:28 Keep
41:06 Town Patrol
41:37 Yasama
41:24 Spies/Treason
45:27 Kataparuto
sgt peppers s
6:49 Loom
11:28 Loom
13:57 Feudal Age
18:23 Castle Age
16:43 Double-Bit Axe
18:56 Fletching
19:34 Padded Archer Armor
19:42 Bodkin Arrow
27:28 Wheelbarrow
27:58 Wheelbarrow
31:48 Hand Cart
33:36 Ballistics
35:43 Horse Collar
36:16 Bow Saw
42:47 Imperial Age
41:11 Heavy Plow
41:03 Gold Mining
42:50 Gold Shaft Mining
42:55 Spies/Treason
44:08 Butalmapu
44:24 Conscription
CumanoBorracho92
3:27 Loom
13:01 Feudal Age
15:54 Bloodlines
16:47 Wheelbarrow
17:43 Scale Barding Armor
17:39 Scale Mail Armor
24:01 Forging
28:09 Castle Age
26:27 Town Watch
26:59 Gold Mining
28:06 Stone Mining
28:13 Horse Collar
28:25 Double-Bit Axe
28:18 Light Cavalry
29:21 Chain Barding Armor
31:16 Bow Saw
36:27 Hand Cart
37:11 Heavy Plow
37:43 Steppe Husbandry
41:51 Imperial Age
39:31 Fletching
40:16 Iron Casting
41:44 Bodkin Arrow
42:14 Spies/Treason
42:34 Hussar
43:27 Town Patrol
44:01 Crop Rotation
45:10 Blast Furnace
44:49 Plate Barding Armor
瓦兰吉程咬金三板斧
3:13 Loom
11:14 Feudal Age
12:15 Double-Bit Axe
23:03 Castle Age
21:02 Horse Collar
23:08 Gold Mining
23:32 Scale Barding Armor
23:40 Bloodlines
23:46 Light Cavalry
25:56 Forging
30:03 Scale Mail Armor
35:08 Squires
35:52 Chain Mail Armor
36:14 Wheelbarrow
37:11 Iron Casting
37:41 Gold Shaft Mining
37:53 Hand Cart
42:42 Imperial Age
41:56 Husbandry
42:15 Arson
AGS.Shirar
12:43 Feudal Age
16:30 Castle Age
15:08 Double-Bit Axe
16:13 Loom
17:23 Horse Collar
18:07 Town Watch
19:05 Wheelbarrow
19:50 Fletching
22:32 Scale Barding Armor
24:33 Bow Saw
24:30 Heavy Plow
24:52 Bloodlines
25:01 Husbandry
27:05 Chain Barding Armor
35:11 Imperial Age
35:28 Forging
36:33 Plate Barding Armor
37:58 Iron Casting
37:44 Heavy Camel Rider
39:27 Iron Casting
chewie1706
7:04 Loom
15:40 Feudal Age
22:26 Castle Age
AGS.Grimnel
4:37 Loom
12:32 Feudal Age
13:02 Double-Bit Axe
13:21 Town Watch
22:33 Castle Age
21:28 Bloodlines
32:26 Horse Collar
33:12 Bow Saw
36:39 Gold Mining
37:39 Wheelbarrow
39:19 Hand Cart
39:50 Heavy Plow
AGS.Sylvatica
13:14 Feudal Age
17:15 Castle Age
16:05 Loom
17:18 Double-Bit Axe
19:46 Bow Saw
20:02 Fletching
22:53 Horse Collar
29:37 Wheelbarrow
29:48 Padded Archer Armor
31:05 Town Watch
36:49 Imperial Age
34:29 Bodkin Arrow
36:22 Bloodlines
36:13 Husbandry
39:09 Scale Barding Armor
Connection lost

Rejoining the realm…

Still unreachable

The connection could not be restored.

Session expired

The server has moved on; the page needs a fresh start.